Legolas, chaotic male elven Ranger ----- -- ----- --- --..[| ---... --...--- --.---...-- ---- |.......----......- |.......-- --..| .......|......). -----.|.......| |...| |.........^- ---.|.|.........-- ------ |)..----- -- --...^..| |......--.-.^....| --....| |.....|.-- ---..--- |.....--|...|.@.-- ---....------ ........| |..-- --...-| ---.|..-- --...........| -.......| ----...| --...| |....| --......-----.--- |......- --.....-- --- |...-------..---........| |...| --......| --......| --.-- |-......---.............-- ---.---|.^.....-- --<..--.----...-- |........................| |...--..--...%----...----- |.....| --......................-- ---%..%----.[.>%..%..| --..|..| --.......^............--- |.[.-| --)..%..)..| --...|--- | |..................---- |....-------.--....-----...-- |............|.|......| |.........................-- --....|.....-----.....| --..--------------------..| --..---..--- ----.-- ---- ---- --- ---- --- Legolas the Lookout Experience level: 5 Strength: 15 Dexterity: 12 Constitution: 15 Intelligence: 13 Wisdom: 13 Charisma: 8 Health: 35(35) Energy: 26(26) Def: 8 Gold: 703 Moves: 2099 Dungeon seed: TSfq07Y2nBuTWh-k Game ID: Legolas_1543869572 Your Inventory: Coins $ - 703 gold pieces Amulets j - an uncursed amulet of change Weapons a - an uncursed +1 elven dagger (weapon in hand) b - an uncursed +2 elven bow (alternate weapon; not wielded) c - 49 uncursed +2 elven arrows (in quiver) d - 34 uncursed +0 elven arrows J - a cursed -11 dwarvish mattock Armor n - an uncursed +0 splint mail (being worn) M - a cursed -1 pair of elven boots (being worn) N - an uncursed +0 dwarvish iron helm (being worn) Comestibles f - 4 uncursed lembas wafers o - 2 uncursed sugar plums r - an uncursed lichen corpse D - an uncursed food ration E - an uncursed egg L - an uncursed tripe ration Scrolls h - an uncursed scroll of identify p - an uncursed scroll of create monster t - 2 uncursed scrolls of scare monster u - an uncursed scroll of teleportation Spellbooks w - an uncursed spellbook of detect food Potions k - a cursed potion of gain ability m - an uncursed potion of water O - a cursed potion of paralysis Wands g - an uncursed wand of slow monster (0:2) l - an uncursed wand of undead turning (0:3) v - an uncursed wand of secret door detection (0:15) Tools s - an uncursed mirror Gems q - 3 uncursed worthless pieces of red glass Spells and supernatural/magical abilities: Name Level Category Fail Memory W - pray for help -- divine ? -- Your skills at the end: Miscellaneous Skills wands [Basic] Weapon Skills dagger [Basic] bow [Basic] Spellcasting Skills Final Attributes: You were piously aligned. You were sleep resistant. You had automatic searching. You had infravision. You were somewhat stealthy. You survived. Vanquished creatures: a gnome king a dog a rock piercer a gnome lord 2 puppies 2 dwarves a kobold lord 3 iguanas an orc zombie a werejackal a gas spore 2 hobbits 2 acid blobs 2 hobgoblins 2 giant rats 2 red molds 7 gnomes 6 jackals a fox 3 kobolds 3 newts 3 goblins 2 lichens a kobold zombie 51 creatures vanquished. Genocided species: jackals foxes coyotes puppies dogs large dogs dingos wolves wargs winter wolf cubs winter wolves hell hound pups hell hounds 13 species genocided. Voluntary challenges: You followed a strict vegan diet. You did not adorn yourself with jewelry or accessories. You did not cause conflict. You were not invisible. You did not have reflection. You were not displaced. You were an atheist. You used a wielded weapon 62 times, starting on turn 281. You did not use tools. You did not use plumbed fixtures. You did not drink any magical draughts. You read items or engraved 2 times, starting on turn 2089. You genocided 13 types of monsters, starting on turn 2089. You never polymorphed an object. You never changed form. You used no wishes. You never split a pudding. You never wrote Elbereth's name. You never violated your personal moral code. Dungeon overview: The Dungeons of Doom: levels 1 to 4 Level 1 some fountains, a sink a long staircase Level 2 many fountains portal to Advent Calendar Level 3 an altar to Mars, a fountain Level 4 stairs to The Gnomish Mines The Gnomish Mines: levels 5 to 6 Level 5 <- You were here stairs to The Dungeons of Doom Level 6 Advent Calendar: Level 5 many trees portal to The Dungeons of Doom History has recorded: On T:1 you entered the Dungeons of Doom to retrieve the Amulet of Yendor! On T:386 you reached level 2 of The Dungeons of Doom. On T:513 you reached level 1 of Advent Calendar. On T:527 you advanced to experience level 2. On T:592 you advanced to experience level 3. On T:670 you reached level 3 of The Dungeons of Doom. On T:965 you advanced to experience level 4. On T:1046 you reached level 4 of The Dungeons of Doom. On T:1781 you reached level 1 of The Gnomish Mines. On T:1795 you advanced to experience level 5. On T:1799 you reached level 2 of The Gnomish Mines. Score breakdown: Gold: 703 ( 70 points) Experience: 5 levels ( 400 points) Exploration: 6 levels ( 150 points) Discoveries: 2 items ( 100 points) Variety of kills: 24 monsters ( 1200 points) Major goal: (nothing yet) ( 0 points) Survival: quit (score multiplied by 3) Total score: 5760 Latest messages: That symbol does not represent any monster. Wiped out all jackals. Wiped out all foxes. Wiped out all coyotes. You aren't permitted to genocide werejackals. Wiped out all puppies. Wiped out all dogs. Wiped out all large dogs. Wiped out all dingos. Wiped out all wolves. You aren't permitted to genocide werewolves. Wiped out all wargs. Wiped out all winter wolf cubs. Wiped out all winter wolves. Wiped out all hell hound pups. Wiped out all hell hounds. As you read the scroll, it disappears. Your cloak crumbles and turns to dust! Final status: Goodbye Legolas the Ranger, quit... You quit in The Gnomish Mines on dungeon level 5 with 5760 points, and 703 pieces of gold, after 2099 moves. You were level 5 with a maximum of 35 hit points when you quit.